 Dungeon Crawl Stone Soup version 0.23-a0-667-gc184e93 (webtiles) character file.

276 Blackhawk the Skirmisher (level 6, -1/49 HPs)
             Began as a Merfolk Fighter on Jan 8, 2019.
             Slain by an iguana (4 damage)
             ... on level 4 of the Dungeon.
             The game lasted 00:07:29 (3110 turns).

Blackhawk the Skirmisher (Merfolk Fighter)          Turns: 3110, Time: 00:07:29

Health: -1/49      AC: 10    Str: 18    XL:     6   Next: 25%
Magic:  6/6        EV:  6    Int:  7    God:
Gold:   177        SH:  9    Dex: 14    Spells: 5/5 levels left

rFire    . . .     SeeInvis .   l - +1 dagger (venom)
rCold    . . .     Gourm    .   c - +0 shield
rNeg     . . .     Faith    .   h - +0 chain mail
rPois    .         Spirit   .   m - +0 helmet
rElec    .         Reflect  .   (no cloak)
rCorr    .         Harm     .   (no gloves)
MR       .....                  (no boots)
Stlth    ..........             e - amulet of regeneration
HPRegen  0.56/turn              (no ring)
MPRegen  0.10/turn              (no ring)

@: no status effects
A: change form in water, swift swim, stealthy swim
a: no special abilities


You were on level 4 of the Dungeon.
You were not hungry.

You visited 1 branch of the dungeon, and saw 4 of its levels.

You collected 177 gold pieces.

Inventory:

Hand Weapons
 a - a +0 trident
 l - a +1 dagger of venom (weapon)
 t - a +0 lajatang
Armour
 b - a +0 scale mail
 c - a +0 shield (worn)
 h - a +0 chain mail (worn)
 m - a +0 helmet (worn)
Jewellery
 e - an amulet of regeneration (around neck)
 p - an uncursed ring of flight
 q - an uncursed ring of ice {unknown}
 s - a cursed ring of teleportation {unknown}
 u - a cursed -3 ring of slaying {unknown}
Scrolls
 g - a scroll of fog {unknown}
 k - a scroll of immolation {unknown}
Potions
 d - a potion of might
 j - a potion of haste {unknown}
 n - a potion of curing {unknown}
 o - a potion of heal wounds {unknown}
 r - a potion of ambrosia {unknown}
Comestibles
 f - 10 rations
 i - 14 chunks of flesh


   Skills:
 + Level 4.4 Fighting
 - Level 4.2(4.5) Polearms
 + Level 1.0(1.8) Staves
 + Level 3.0 Armour
 + Level 3.1 Dodging
 + Level 4.0 Shields


You had 5 spell levels left.
You didn't know any spells.
Your spell library was empty.

Dungeon Overview and Level Annotations

Branches:
Dungeon (4/15)
 Temple: D:4-7

Altars:
Sif Muna
Uskayaw


Message History

You hit the leopard gecko.
The leopard gecko is poisoned.
The leopard gecko is lightly wounded.
You block the leopard gecko's attack.
The leopard gecko bites you but does no damage.
You kill the leopard gecko!
An iguana comes into view.
The iguana hisses angrily.
The orc priest invokes the aid of Beogh against you.
Beogh smites you! The iguana bites you.
The orc priest mumbles some strange prayers to Beogh against you.
Beogh smites you!
You hit the iguana.
The iguana is lightly wounded.
The iguana bites you.
* * * LOW HITPOINT WARNING * * *
The iguana bites you!
* * * LOW HITPOINT WARNING * * *
The iguana bites you.
You die...

#########.....###.#...#........<.
..................o......## ##.
########..####^..........)####...
#####.## ###...####........#
#...).# ####.#.#........##.##
#..>..####........####.#......
#..........##.#.### #........
#......######l..# ##.......
#.....## #...@.## #.#.####
#.....# #.....# #.#.# #.....#
#...<.# #...# ####### #.....#
..### #.....# .. #.....# #.....#
#....$#


You could see an iguana.

Vanquished Creatures
  An ogre (D:4)
  An orc wizard (D:3)
  A gnoll (D:1)
  6 adders
  2 oozes (D:1)
  An adder skeleton (D:4)
  2 worms
  A dart slug (D:2)
  2 leopard geckos
  10 orcs
  3 ball pythons
  3 giant cockroaches
  4 hobgoblins
  A quokka (D:3)
  10 bats
  6 frilled lizards
  6 goblins
  9 kobolds
  7 rats
76 creatures vanquished.

Notes
Turn   | Place    | Note
-------+----------+-------------------------------------------
     0 | D:1      | Blackhawk the Merfolk Fighter began the quest for the Orb.
     0 | D:1      | Reached XP level 1. HP: 18/18 MP: 1/1
   423 | D:1      | Reached XP level 2. HP: 24/24 MP: 2/2
   428 | D:1      | Reached skill level 1 in Dodging
   619 | D:1      | Reached XP level 3. HP: 29/29 MP: 3/3
  1429 | D:2      | Reached XP level 4. HP: 37/37 MP: 4/4
  1715 | D:2      | Found a deep blue altar of Sif Muna.
  1889 | D:3      | Reached XP level 5. HP: 42/42 MP: 5/5
  2705 | D:3      | Found a hide-covered altar of Uskayaw.
  2979 | D:4      | Noticed an ogre
  3010 | D:4      | Killed an ogre
  3010 | D:4      | Reached skill level 1 in Staves
  3010 | D:4      | Reached XP level 6. HP: 49/49 MP: 6/6
  3109 | D:4      | HP: 2/49 [iguana (9)]
  3110 | D:4      | Slain by an iguana

Vault maps used:
D:1:      wander_arrival_lonely_grave
D:2:      lemuel_round_altar
D:3:      lemuel_doored_altar, first_ration
D:4:      gammafunk_temple_overflow_forgotten

Skill      XL: |  1  2  3  4  5  6 |
---------------+-------------------+-----
Dodging        | 1 2 3 |  3.1
Fighting       | 4 |  4.4
Polearms       | 4 |  4.2
Staves         | 1 |  1.0
Shields        | 4 |  4.0
Armour         | 3 |  3.0

Action                   |  1- 3 |  4- 6 || total
-------------------------+-------+-------++-------
Melee: Trident           |    51 |       ||    51
       Dagger            |    23 |   162 ||   185
  Use: Scroll            |       |     4 ||     4
  Eat: Chunk             |     2 |     5 ||     7
Armor: Scale mail        |    28 |    42 ||    70
       Chain mail        |       |    17 ||    17
Dodge: Dodged            |    13 |    50 ||    63
Block: Shield            |    26 |    77 ||   103

Table legend:
 A = Non-vault XP
 B = Vault XP
 C = Vault XP percentage of total XP
 D = Non-vault monster count
 E = Vault monster count
 F = Vault count percentage of total count
                 A         B        C        D         E       F
            +---------+---------+-------+---------+---------+-------
      Total |     395 |       0 |   0.0 |      76 |       0 |   0.0
            +---------+---------+-------+---------+---------+-------
        D:1 |      42 |       0 |   0.0 |      14 |       0 |   0.0
        D:2 |      68 |       0 |   0.0 |      26 |       0 |   0.0
        D:3 |     134 |       0 |   0.0 |      26 |       0 |   0.0
        D:4 |     151 |       0 |   0.0 |      10 |       0 |   0.0
            +---------+---------+-------+---------+---------+-------
